 Dungeon Crawl Stone Soup version 0.28-a0-1513-ge4f4046303 (webtiles) character file.

Game seed: 14126034495436225823

2654 Gargoyl the Fighter (level 9, -2/74 HPs)
             Began as a Gnoll Abyssal Knight on Jan 16, 2022.
             Was a Priest of Lugonu.
             Shot with an arrow by a centaur (11 damage)
             ... on level 6 of the Dungeon.
             The game lasted 00:11:43 (8150 turns).

Gargoyl the Fighter (Gnoll Abyssal Knight)          Turns: 8150, Time: 00:11:44

Health: -2/74      AC: 11    Str: 22    XL:     9   Next: 62%
Magic:  14/15      EV: 10    Int: 10    God:    Lugonu [***...]
Gold:   522        SH:  0    Dex: 13    Spells: 16/16 levels left

rFire   . . .      SeeInvis .   k - +5 falchion (freeze)
rCold   . . .      Faith    .   (no shield)
rNeg    . . .      Spirit   .   i - +1 chain mail
rPois   .          Reflect  .   (no helmet)
rElec   .          Harm     .   (no cloak)
rCorr   +          Rampage  .   (no gloves)
Will    .....                   (no boots)
Stlth   ..........              (no amulet)
HPRegen 0.22/turn               e - ring of resist corrosion
MPRegen 0.14/turn               h - +6 ring of strength

@: no status effects
A: fangs 1, strong nose, distributed training
a: Renounce Religion, Depart the Abyss, Bend Space, Banish


You were on level 6 of the Dungeon.
You worshipped Lugonu.
Lugonu was most pleased with you.
You visited 1 branch of the dungeon, and saw 7 of its levels.
You visited the Abyss 1 time.

You collected 522 gold pieces.

Inventory:

Hand Weapons
 a - a +2 hand axe
 k - a +5 falchion of freezing (weapon)
 o - a +2 falchion of holy wrath
Missiles
 c - 2 curare-tipped darts
 d - 23 poisoned darts (quivered)
Armour
 i - a +1 chain mail (worn)
Jewellery
 e - a ring of resist corrosion (left hand)
 h - a +6 ring of strength (right hand)
Wands
 j - a wand of paralysis (4)
Scrolls
 b - a scroll of enchant armour
Potions
 f - a potion of cancellation
 g - 2 potions of haste
 l - a potion of lignification
 m - 2 potions of curing
 n - a potion of might
 p - a potion of mutation {unknown}


   Skills:
 + Level 8.0 Fighting
 + Level 4.4 Short Blades
 + Level 4.4 Long Blades
 + Level 6.4 Axes
 + Level 4.4 Maces & Flails
 + Level 4.4 Polearms
 + Level 4.4 Staves
 + Level 4.4 Slings
 + Level 4.4 Bows
 + Level 4.4 Crossbows
 + Level 4.4 Throwing
 + Level 6.4 Armour
 + Level 5.2 Dodging
 + Level 4.4 Stealth
 + Level 4.4 Shields
 + Level 4.4 Unarmed Combat
 + Level 4.4 Spellcasting
 + Level 3.6 Conjurations
 + Level 3.6 Hexes
 + Level 3.6 Summonings
 + Level 3.6 Necromancy
 + Level 3.6 Translocations
 + Level 3.6 Transmutations
 + Level 3.6 Fire Magic
 + Level 3.6 Ice Magic
 + Level 3.6 Air Magic
 + Level 3.6 Earth Magic
 + Level 3.6 Poison Magic
 + Level 6.7 Invocations
 + Level 4.4 Evocations


You had 16 spell levels left.
You didn't know any spells.
Your spell library contained the following spells:

 Spells                   Type           Power      Damage    Failure   Level
 Foxfire                  Conj/Fire      36%        2x1d5     36%         1
 Freeze                   Ice            36%        1d6       36%         1
 Magic Dart               Conj           36%        1d4       36%         1
 Scorch                   Fire           18%        2d5       52%         2
 Searing Ray              Conj           18%        2d5       52%         2
 Static Discharge         Conj/Air       9%         N/A       52%         2
 Frozen Ramparts          Ice            18%        1d3       75%         3
 Airstrike                Air            4%         N/A       98%         4
 Dispel Undead            Necr           9%         3d8       98%         4
 Flame Wave               Conj/Fire      9%         2d4       98%         4
 Fulminant Prism          Conj/Hex       4%         3d6       98%         4
 Hailstorm                Conj/Ice       9%         3d4       98%         4
 Sticky Flame             Conj/Fire      9%         2d3       98%         4
 Summon Lightning Spire   Summ/Air       9%         N/A       98%         4
 Irradiate                Conj/Tmut      4%         3d14      100%        5
 Lightning Bolt           Conj/Air       4%         1d16      100%        5
 Starburst                Conj/Fire      4%         6d4       100%        6
 Summon Cactus Giant      Summ           4%         N/A       100%        6
 Dragon Form              Tmut           4%         N/A       100%        7


Dungeon Overview and Level Annotations

Branches:
Dungeon (7/15)             Temple (0/1) D:7

Altars:
Cheibriados
Fedhas
Makhleb
Trog
Vehumet


Innate Abilities, Weirdness & Mutations

You have very sharp teeth.
Your uncanny sense of smell can sniff out nearby items.
Your experience applies equally to all skills.


Message History

The bullfrog hits you but does no damage.
A centaur comes into view.
The centaur shouts!
The centaur wields a +0 shortbow.
The centaur shoots an arrow.
The arrow barely misses you. The bullfrog barely misses you.
The centaur shoots an arrow.
The arrow hits you.
The centaur shoots an arrow.
The arrow hits you but does no damage. The bullfrog closely misses you.
The centaur shoots an arrow.
The arrow hits you. The bullfrog barely misses you.
The bullfrog hits you but does no damage.
A sky beast appears from thin air!
Reactivating autopickup.
The bullfrog hits you.
The centaur shoots an arrow.
The arrow hits you! The bullfrog closely misses you.
The bullfrog barely misses you.
The bullfrog hits you but does no damage.
The centaur shoots an arrow.
The arrow hits you! The bullfrog closely misses you. The bullfrog misses you.
The bullfrog barely misses you. The water moccasin bites you.
The bullfrog hits you but does no damage.
There is a stone staircase leading up here.
The water moccasin bites you!
* * * LOW HITPOINT WARNING * * *
The centaur unwields a +0 shortbow.
The centaur hits you.
* * * LOW HITPOINT WARNING * * *
The centaur kicks you but does no damage.
The bullfrog barely misses you. The water moccasin bites you.
* * * LOW HITPOINT WARNING * * *
The bullfrog misses you.
You climb upwards.
There is a stone staircase leading down here.
Unknown command.
Space bends around you!
You blink.
The centaur wields a +0 shortbow.
The centaur shoots an arrow.
The arrow hits you.
* * * LOW HITPOINT WARNING * * *
The centaur shoots an arrow.
The arrow hits you!
You die...

#.# #...#.################### #.#
##..#.............#...... #)#
#..#.###########.#.##### #)#
##.#.#.......# #.#.#### ##'######
#...#.#####.# #.#....## ........#
#...#.....#.# #(#.##..# ......(.#
#..F####.#..#########.# ........#
#.#Sc......#..≈≈≈≈≈..## ##'######
#.#.#.@..#.#.≈.....≈.#
#.########.#.#.####.#.≈.≈≈≈.≈.#
#...†....#.#.#......#.≈≈...≈≈.#
#########.#.#.#..#####.≈≈._.≈≈.#
..........#.#.#..# #.≈≈...≈≈.#
#####..####.#.#..# #.≈.≈≈≈.≈.#
....#.......#.#..# #.≈.....≈.#
......#######.#..#####..≈≈≈≈≈..##
..............#.<.....#########.#


You could see a water moccasin, a bullfrog and a centaur.

Vanquished Creatures
  Grinder (D:6)
  2 steam dragons
  Edmund (D:6)
  A water moccasin (D:6)
  An ice beast (D:5)
  3 sky beasts
  A black bear (D:6)
  An ogre (D:5)
  2 centaurs
  A kobold brigand (D:6)
  A bullfrog (D:6)
  A wyvern skeleton (D:5)
  A water moccasin skeleton (D:5)
  4 wights (D:6)
  A centaur zombie (D:5)
  6 hounds
  2 jellies
  2 bullfrog zombies
  2 orc priests
  2 bullfrog skeletons
  7 iguanas
  An orc wizard (D:7)
  A killer bee zombie (D:6)
  A hound zombie (D:5)
  8 adders
  A white imp (D:6)
  An adder skeleton (D:4)
  5 worms
  4 dart slugs
  13 orcs
  4 bats
  4 endoplasms
  3 giant cockroaches
  5 goblins (D:1)
  2 hobgoblins (D:4)
  4 jackals (D:1)
  8 kobolds
  6 ball pythons
  2 rats
116 creatures vanquished.

Vanquished Creatures (others)
  A sky beast (D:7)
  A gnoll shaman (D:7)
2 creatures vanquished.

Grand Total: 118 creatures vanquished

Notes
Turn   | Place    | Note
-------+----------+-------------------------------------------
     0 | Abyss:1  | Gargoyl the Gnoll Abyssal Knight began the quest for the
                  | Orb.
     0 | Abyss:1  | Reached XP level 1. HP: 23/23 MP: 3/3
     8 | D:1      | Escaped the Abyss
   189 | D:1      | Reached * piety under Lugonu
   235 | D:1      | Reached XP level 2. HP: 22/29 MP: 5/5
   767 | D:1      | Reached XP level 3. HP: 35/35 MP: 6/6
  1632 | D:3      | Found a radiant altar of Vehumet.
  1638 | D:3      | Noticed a sky beast
  1658 | D:3      | Killed a sky beast
  1659 | D:3      | Reached skill level 1 in Short Blades
  1659 | D:3      | Reached skill level 1 in Long Blades
  1659 | D:3      | Reached skill level 1 in Maces & Flails
  1659 | D:3      | Reached skill level 1 in Polearms
  1659 | D:3      | Reached skill level 1 in Staves
  1659 | D:3      | Reached skill level 1 in Slings
  1659 | D:3      | Reached skill level 1 in Bows
  1659 | D:3      | Reached skill level 1 in Crossbows
  1659 | D:3      | Reached skill level 1 in Throwing
  1659 | D:3      | Reached skill level 1 in Stealth
  1659 | D:3      | Reached skill level 1 in Shields
  1659 | D:3      | Reached skill level 1 in Unarmed Combat
  1659 | D:3      | Reached skill level 1 in Spellcasting
  1659 | D:3      | Reached skill level 1 in Conjurations
  1659 | D:3      | Reached skill level 1 in Hexes
  1659 | D:3      | Reached skill level 1 in Summonings
  1659 | D:3      | Reached skill level 1 in Necromancy
  1659 | D:3      | Reached skill level 1 in Translocations
  1659 | D:3      | Reached skill level 1 in Transmutations
  1659 | D:3      | Reached skill level 1 in Fire Magic
  1659 | D:3      | Reached skill level 1 in Ice Magic
  1659 | D:3      | Reached skill level 1 in Air Magic
  1659 | D:3      | Reached skill level 1 in Earth Magic
  1659 | D:3      | Reached skill level 1 in Poison Magic
  1659 | D:3      | Reached skill level 1 in Evocations
  1659 | D:3      | Reached XP level 4. HP: 23/41 MP: 7/7
  1659 | D:3      | Reached XP level 5. HP: 26/47 MP: 8/8
  2816 | D:3      | Reached skill level 5 in Invocations
  2913 | D:3      | Found a snail-covered altar of Cheibriados.
  3143 | D:3      | Reached XP level 6. HP: 53/53 MP: 9/9
  3390 | D:4      | Reached ** piety under Lugonu
  3585 | D:4      | Reached skill level 5 in Axes
  3585 | D:4      | Reached skill level 5 in Armour
  4321 | D:5      | Entered Level 5 of the Dungeon
  4334 | D:5      | Reached XP level 7. HP: 56/59 MP: 10/10
  4383 | D:5      | Reached skill level 7 in Fighting
  4727 | D:5      | Noticed a two-headed ogre
  5017 | D:5      | Found a burning altar of Makhleb.
  5441 | D:5      | Reached XP level 8. HP: 49/67 MP: 12/12
  6240 | D:6      | Found a bloodstained altar of Trog.
  6403 | D:6      | Noticed Grinder
  6419 | D:6      | Killed Grinder
  6420 | D:6      | Reached XP level 9. HP: 62/73 MP: 14/14
  6688 | D:6      | Noticed Edmund
  6702 | D:6      | Reached *** piety under Lugonu
  6715 | D:6      | Killed Edmund
  6845 | D:6      | Found a blossoming altar of Fedhas.
  7704 | D:7      | Reached skill level 5 in Dodging
  7801 | D:7      | Got the Guide on Changing and Flames
  7914 | D:7      | Reached skill level 8 in Fighting
  8056 | D:7      | Found a staircase to the Ecumenical Temple.
  8150 | D:6      | Shot with an arrow by a centaur

Illustrated notes

Levels and vault maps discovered:
D:1:      matt_arrival_diagonals, layout_loops_ring, serial_forest,
          infiniplex_forest_fountain, infiniplex_forest_clump_small,
          infiniplex_forest_straight_2, infiniplex_forest_clump_small,
          infiniplex_forest_straight_1
D:2:      layout_loops_ring, lemuel_old_faithful
D:3:      layout_loops_ring, lemuel_round_altar, amcnicky_altar_gilded
D:4:      layout_cave_pods
D:5:      layout_loops_ring, mainiacjoe_overflow_brackets, grunt_ministairs_11
D:6:      layout_basic, mainiacjoe_overflow_paths,
          mainiacjoe_overflow_cross_hatched, uniq_edmund, uniq_grinder
D:7:      layout_cave_pools, minmay_temple_entry_fiery,
          gammafunk_ghost_gnarly_gnolls, hangedman_misty_isle

Skill      XL: |  1  2  3  4  5  6  7  8  9 |
---------------+----------------------------+-----
Short Blades   | 1 2 3 4 |  4.4
Long Blades    | 1 2 3 4 |  4.4
Maces & Flails | 1 2 3 4 |  4.4
Polearms       | 1 2 3 4 |  4.4
Staves         | 1 2 3 4 |  4.4
Slings         | 1 2 3 4 |  4.4
Bows           | 1 2 3 4 |  4.4
Crossbows      | 1 2 3 4 |  4.4
Throwing       | 1 2 3 4 |  4.4
Stealth        | 1 2 3 4 |  4.4
Shields        | 1 2 3 4 |  4.4
Unarmed Combat | 1 2 3 4 |  4.4
Spellcasting   | 1 2 3 4 |  4.4
Conjurations   | 1 2 3 |  3.6
Hexes          | 1 2 3 |  3.6
Summonings     | 1 2 3 |  3.6
Necromancy     | 1 2 3 |  3.6
Translocations | 1 2 3 |  3.6
Transmutations | 1 2 3 |  3.6
Fire Magic     | 1 2 3 |  3.6
Ice Magic      | 1 2 3 |  3.6
Air Magic      | 1 2 3 |  3.6
Earth Magic    | 1 2 3 |  3.6
Poison Magic   | 1 2 3 |  3.6
Evocations     | 1 2 3 4 |  4.4
Dodging        | 3 4 5 |  5.2
Invocations    | 5 6 |  6.7
Axes           | 5 6 |  6.4
Armour         | 5 6 |  6.4
Fighting       | 7 8 |  8.0

Action                   |  1- 3 |  4- 6 |  7- 9 || total
-------------------------+-------+-------+-------++-------
Melee: Hand axe          |   108 |    42 |       ||   150
       Bite              |     8 |    13 |    27 ||    48
       Flail             |       |    84 |   116 ||   200
       Punch             |       |     2 |    11 ||    13
       Falchion          |       |       |   133 ||   133
Throw: Dart              |       |       |     1 ||     1
Invok: Depart the Abyss  |     1 |       |       ||     1
       Bend Space        |       |       |     2 ||     2
  Use: Scroll            |     1 |     5 |     6 ||    12
       Potion            |     1 |     1 |       ||     2
Armor: Leather armour    |     2 |       |       ||     2
       Ring mail         |    17 |       |       ||    17
       Chain mail        |    48 |    84 |   176 ||   308
Dodge: Dodged            |    55 |    58 |   164 ||   277

Table legend: (Time is in decaauts)
 A = Elapsed time spent in this place.
 B = Non-inter-level travel time spent in this place.
 C = Inter-level travel time spent in this place.
 D = Time resting spent in this place.
 E = Time spent auto-exploring this place.
 F = Levels seen in this place.
 G = Mean time per level.
                   A        B        C        D        E       F      G
               +--------+--------+--------+--------+--------+-----+--------+
         Total |   8237 |   8084 |    153 |    829 |   5705 |   8 | 1029.6 |
       Dungeon |   8229 |   8076 |    153 |    829 |   5698 |   7 | 1175.6 |
         Abyss |      8 |      8 |      0 |      0 |      7 |   1 |    8.0 |
               +--------+--------+--------+--------+--------+-----+--------+

Top non-repeatable levels by time:
     D:6: 2085 daAuts
     D:4: 1337 daAuts
     D:3: 1269 daAuts
     D:5: 1084 daAuts
     D:2: 972 daAuts
     D:1: 952 daAuts
     D:7: 527 daAuts
 Abyss:1: 8 daAuts
